 Dungeon Crawl Stone Soup version 0.30.0-19-g36f170ea60 (webtiles) character file.

Game seed: 4865857763096890966

457 ChrisAssaf the Sneak (level 7, -1/51 HPs)
             Began as a Gnoll Enchanter on May 26, 2023.
             Slain by a gnoll
             ... wielding a +0 spear
              (4 damage)
             ... on level 4 of the Dungeon.
             The game lasted 00:05:59 (991 turns).

ChrisAssaf the Sneak (Gnoll Enchanter)               Turns: 991, Time: 00:06:00

Health: -1/51      AC:  3    Str:  9    XL:     7   Next: 6%
Magic:  2/15       EV: 13    Int: 15    God:
Gold:   30         SH:  0    Dex: 12    Spells: 6/17 levels left

rFire   + + .        a - +1 dagger
rCold   + . .        (no shield)
rNeg    . . .        b - +1 robe
rPois   +            (no helmet)
rElec   +            (no cloak)
rCorr   +            (no gloves)
SInv    .            (no boots)
Will    .....        f - amulet of the acrobat
Stlth   +++          g - ring of protection from fire
HPRegen 0.28/turn    (no ring)
MPRegen 0.14/turn

%: acrobat
@: resistant
A: fangs 1, strong nose, distributed training
a: no special abilities


You were on level 4 of the Dungeon.
You visited 1 branch of the dungeon, and saw 4 of its levels.

You collected 30 gold pieces.

Inventory:

Hand Weapons
 a - a +1 dagger (weapon)
Missiles
 j - 6 boomerangs (quivered)
Armour
 b - a +1 robe (worn)
Jewellery
 f - an amulet of the acrobat (around neck)
 g - a ring of protection from fire (left hand)
Scrolls
 k - 2 scrolls of vulnerability
 l - 2 scrolls of enchant armour
 n - a scroll of torment
Potions
 c - 2 potions of invisibility
 d - a potion of degeneration {unknown}
 h - 2 potions of brilliance
 i - a potion of resistance
 m - a potion of curing {unknown}


   Skills:
 + Level 2.3 Fighting
 + Level 3.5 Short Blades
 + Level 2.3 Long Blades
 + Level 2.3 Axes
 + Level 2.3 Maces & Flails
 + Level 2.3 Polearms
 + Level 2.3 Staves
 + Level 2.3 Ranged Weapons
 + Level 2.3 Throwing
 + Level 2.3 Armour
 + Level 5.1 Dodging
 + Level 6.4 Stealth
 + Level 2.3 Shields
 + Level 2.3 Unarmed Combat
 + Level 5.5 Spellcasting
 + Level 1.9 Conjurations
 + Level 5.8 Hexes
 + Level 1.9 Summonings
 + Level 1.9 Necromancy
 + Level 1.9 Translocations
 + Level 1.9 Transmutations
 + Level 1.9 Fire Magic
 + Level 1.9 Ice Magic
 + Level 1.9 Air Magic
 + Level 1.9 Earth Magic
 + Level 1.9 Poison Magic
 + Level 2.5 Invocations
 + Level 2.3 Evocations


You had 6 spell levels left.
You knew the following spells:

 Your Spells              Type           Power      Damage    Failure   Level
a - Ensorcelled Hibernat  Hex/Ice        30%        N/A       4%          2
b - Tukima's Dance        Hex            21%        N/A       4%          3
c - Confusing Touch       Hex            21%        N/A       4%          3
d - Dazzling Flash        Conj/Hex       30%        N/A       10%         3

Your spell library contained the following spells:

 Spells                   Type           Power      Damage    Failure   Level


Dungeon Overview and Level Annotations

Branches:
Dungeon (4/15)
 Temple: D:4-7

Altars:

Shops:
D:3 [

Annotations:
D:3 2 transporters, Kamelo's ghost, weakling GrEE
D:4 Dowan; Duvessa


Innate Abilities, Weirdness & Mutations

You have very sharp teeth.
Your uncanny sense of smell can sniff out nearby items.
Your experience applies equally to all skills.


Message History

Aiming: Ensorcelled Hibernation (safe; 4% risk of failure)
Press: ? - help, Shift-Dir - straight line, f - gnoll
Aim: a gnoll, wielding a staff of earth (chance to affect: 57%)
The gnoll looks drowsy...
The gnoll hits you from afar with a +0 spear!
* * * LOW HITPOINT WARNING * * *
The helpless gnoll fails to defend itself.
You impale the gnoll!!
You kill the gnoll!
The gnoll closely misses you.
Casting: Ensorcelled Hibernation (safe; 4% risk of failure)
Confirm with . or Enter, or press ? or * to list all spells.
Aiming: Tukima's Dance (dangerous; 4% risk of failure)
Press: ? - help, Shift-Dir - straight line, f - gnoll
Aim: a gnoll, wielding a +0 whip (chance to affect: 62%)
The gnoll resists with significant effort.
The gnoll hits you with a +0 whip.
* * * LOW HITPOINT WARNING * * *
The gnoll hits you but does no damage.
Casting: Tukima's Dance (dangerous; 4% risk of failure)
Confirm with . or Enter, or press ? or * to list all spells.
Aiming: Tukima's Dance (dangerous; 4% risk of failure)
Press: ? - help, Shift-Dir - straight line, f/p - gnoll
Aim: a gnoll, wielding a +0 whip (chance to affect: 62%)
The +0 whip dances into the air!
The gnoll hits you but does no damage. The gnoll hits you.
* * * LOW HITPOINT WARNING * * *
Unknown command.
You hit the gnoll but do no damage. Your punch misses the gnoll.
You closely miss the gnoll. Your punch misses the gnoll.
The gnoll barely misses you. The gnoll hits you but does no damage.
You hit the gnoll.
The gnoll is lightly wounded.
The gnoll hits you from afar with a +0 spear!
* * * LOW HITPOINT WARNING * * *
The gnoll misses you.
Your +0 whip hits the gnoll.
It was a potion of resistance.
You feel protected.
The gnoll hits you from afar with a +0 spear.
You die...

#<.# .# . ##.# # ..
..# ... #.#
....###### ..
.........# ###
.........# #####
.!.#....g####......
#...)(g@...#
...?.....######
####.....# #.....#
#.<...# #######


You could see 2 gnolls and a friendly +0 whip.

Vanquished Creatures
  Grinder (D:3)
  Menkaure (D:4)
  A scorpion (D:4)
  3 adders
  A gnoll (D:4)
  2 dart slugs (D:3)
  3 orcs (D:4)
  5 bats
  4 endoplasms
  A giant cockroach (D:3)
  2 goblins (D:3)
  A hobgoblin (D:3)
  5 kobolds
  2 frilled lizards
  4 rats
36 creatures vanquished.

Vanquished Creatures (collateral kills)
  A gnoll (D:4)
1 creature vanquished.

Vanquished Creatures (others)
  A dancing weapon (D:3)
1 creature vanquished.

Grand Total: 38 creatures vanquished

Notes
Turn   | Place    | Note
-------+----------+-------------------------------------------
     0 | D:1      | ChrisAssaf the Gnoll Enchanter began the quest for the Orb.
     0 | D:1      | Reached XP level 1. HP: 13/13 MP: 6/6
   175 | D:1      | Reached XP level 2. HP: 19/19 MP: 7/7
   178 | D:1      | Learned a level 2 spell: Ensorcelled Hibernation
   331 | D:2      | Reached skill level 6 in Stealth
   331 | D:2      | Reached skill level 5 in Spellcasting
   331 | D:2      | Reached XP level 3. HP: 19/25 MP: 2/9
   335 | D:2      | Learned a level 3 spell: Tukima's Dance
   433 | D:3      | Reached skill level 1 in Invocations
   443 | D:3      | Reached skill level 1 in Fighting
   443 | D:3      | Reached skill level 1 in Long Blades
   443 | D:3      | Reached skill level 1 in Axes
   443 | D:3      | Reached skill level 1 in Maces & Flails
   443 | D:3      | Reached skill level 1 in Polearms
   443 | D:3      | Reached skill level 1 in Staves
   443 | D:3      | Reached skill level 1 in Ranged Weapons
   443 | D:3      | Reached skill level 1 in Throwing
   443 | D:3      | Reached skill level 1 in Armour
   443 | D:3      | Reached skill level 1 in Shields
   443 | D:3      | Reached skill level 1 in Unarmed Combat
   443 | D:3      | Reached skill level 1 in Evocations
   453 | D:3      | Noticed Grinder
   456 | D:3      | Paralysed by Grinder for 4 turns
   464 | D:3      | Killed Grinder
   465 | D:3      | Reached skill level 1 in Conjurations
   465 | D:3      | Reached skill level 1 in Summonings
   465 | D:3      | Reached skill level 1 in Necromancy
   465 | D:3      | Reached skill level 1 in Translocations
   465 | D:3      | Reached skill level 1 in Transmutations
   465 | D:3      | Reached skill level 1 in Fire Magic
   465 | D:3      | Reached skill level 1 in Ice Magic
   465 | D:3      | Reached skill level 1 in Air Magic
   465 | D:3      | Reached skill level 1 in Earth Magic
   465 | D:3      | Reached skill level 1 in Poison Magic
   465 | D:3      | Reached XP level 4. HP: 16/33 MP: 2/11
   465 | D:3      | Reached XP level 5. HP: 19/38 MP: 2/12
   465 | D:3      | Reached XP level 6. HP: 22/44 MP: 2/14
   574 | D:3      | Learned a level 3 spell: Confusing Touch
   675 | D:3      | Found a transporter.
   681 | D:3      | Noticed Kamelo's ghost (weakling GrEE)
   686 | D:3      | Found a transporter.
   787 | D:4      | Noticed Menkaure
   788 | D:4      | Killed Menkaure
   789 | D:4      | Reached skill level 5 in Dodging
   927 | D:3      | Found Giemuite's Antique Armour Shop.
   933 | D:3      | Learned a level 3 spell: Dazzling Flash
   962 | D:4      | Noticed Duvessa
   962 | D:4      | Noticed Dowan
   984 | D:4      | Reached XP level 7. HP: 24/51 MP: 8/15
   990 | D:4      | HP: 2/51 [gnoll/+0 spear (8)]
   991 | D:4      | Slain by a gnoll

Illustrated notes

Levels and vault maps discovered:
D:1:      minmay_arrival_three_doors, layout_loops_ring
D:2:      layout_loops_ring, minmay_pentomino_pile
D:3:      layout_rooms, gammafunk_ghost_arena, serial_shops, shop,
          serial_corexii_hall, corexii_hall_statues_t,
          corexii_hall_statues_deadend, uniq_grinder
D:4:      layout_rooms, uniq_blork_the_orc, uniq_menkaure, uniq_pikel,
          uniq_duvessa

Skill      XL: |  1  2  3  4  5  6 |
---------------+-------------------+-----
Stealth        | 6 |  6.4
Spellcasting   | 5 |  5.5
Invocations    | 2 |  2.5
Fighting       | 1 2 |  2.3
Long Blades    | 1 2 |  2.3
Axes           | 1 2 |  2.3
Maces & Flails | 1 2 |  2.3
Polearms       | 1 2 |  2.3
Staves         | 1 2 |  2.3
Ranged Weapons | 1 2 |  2.3
Throwing       | 1 2 |  2.3
Armour         | 1 2 |  2.3
Shields        | 1 2 |  2.3
Unarmed Combat | 1 2 |  2.3
Evocations     | 1 2 |  2.3
Short Blades   | 3 |  3.5
Conjurations   | 1 |  1.9
Summonings     | 1 |  1.9
Necromancy     | 1 |  1.9
Translocations | 1 |  1.9
Transmutations | 1 |  1.9
Fire Magic     | 1 |  1.9
Ice Magic      | 1 |  1.9
Air Magic      | 1 |  1.9
Earth Magic    | 1 |  1.9
Poison Magic   | 1 |  1.9
Dodging        | 5 |  5.1
Hexes          | |  5.8

Action                     |  1- 3 |  4- 6 |  7- 9 || total
---------------------------+-------+-------+-------++-------
  Melee: Dagger            |    40 |    31 |     4 ||    75
         Bite              |     1 |     5 |       ||     6
         Punch             |       |     1 |       ||     1
   Cast: Ensorcelled Hiber |    11 |     7 |     1 ||    19
         Tukima's Dance    |       |     3 |     2 ||     5
  Evoke: Wand              |     4 |     1 |       ||     5
    Use: Scroll            |       |     8 |       ||     8
         Potion            |       |       |     1 ||     1
   Stab: Sleeping          |    10 |     7 |     1 ||    18
 Armour: Robe              |    14 |     3 |     3 ||    20
  Dodge: Dodged            |    38 |    35 |     3 ||    76
